 Dungeon Crawl Stone Soup version 0.31.0-32-g396128a36d (webtiles) character file.

Game seed: 12980775673129711175

53737 chippings the Convoker (level 14, -5/113 HPs)
             Began as a Purple Draconian Wanderer on Apr 4, 2024.
             Was an Initiate of Gozag.
             Slain by a boulder beetle (36 damage)
             ... on level 2 of the Lair of Beasts.
             The game lasted 00:50:32 (17963 turns).

chippings the Convoker (Purple Draconian Wanderer) Turns: 17963, Time: 00:50:33

Health: -5/113     AC: 14    Str: 16    XL:     14   Next: 32%
Magic:  8/40       EV: 13    Int: 19    God:    Gozag
Gold:   3980       SH:  0    Dex: 11    Spells: 19/39 levels left

rFire   . . .        B - +2 trident (flame)
rCold   . . .        (no shield)
rNeg    . . .        (body armour unavailable)
rPois   +            H - +2 hat {Int+3}
rElec   .            F - +2 cloak {rPois}
rCorr   .            n - +0 pair of gloves
SInv    +            (no boots)
Will    +++..        v - amulet of regeneration
Stlth   +            c - ring of magical power
HPRegen 1.18/turn    T - ring of Vuofraqe {Fly Will+ SInv}
MPRegen 0.27/turn

%: no passive effects
@: flying
A: breathe power, AC +8, unfitting armour, cold-blooded
a: Breathe Dispelling Energy, Renounce Religion, Potion Petition, Call Merchant,
Bribe Branch


You were on level 2 of the Lair of Beasts.
You worshipped Gozag.
Gozag was most pleased with you.
You visited 3 branches of the dungeon, and saw 17 of its levels.
You also visited: Bailey.

You collected 4296 gold pieces.
You spent 186 gold pieces at shops.
You paid 130 gold pieces to Gozag.

Inventory:

Hand Weapons
 B - a +2 trident of flaming (weapon)
 Q - the +0 rapier of Gallantry {flame, rCorr Int+3}
   (You found it on level 3 of the Lair of Beasts)

   Int+3:     It affects your intelligence (+3).
   rCorr:     It protects you from acid and corrosion.
Armour
 j - a scarf of invisibility
 n - a +0 pair of gloves (worn)
 E - the +0 tower shield of Aguxzuy {Int+3}
   (You found it in a bailey)

   Int+3:     It affects your intelligence (+3).
 F - a +2 cloak of poison resistance (worn)
 H - a +2 hat of intelligence (worn)
Magical Staves
 p - a staff of conjuration
Jewellery
 c - a ring of magical power (left hand)
 v - an amulet of regeneration (around neck)
 O - a ring of wizardry
 T - the ring of Vuofraqe (right hand) {Fly Will+ SInv}
   (You found it on level 5 of the Lair of Beasts)

   [ring of willpower]

   Will+:     It increases your willpower.
   SInv:      It lets you see invisible.
   Fly:       It grants you flight.
Wands
 w - a wand of flame (57)
 z - a wand of paralysis (16)
 A - a wand of digging (17)
 G - a wand of iceblast (7)
 J - a wand of polymorph (6)
 K - a wand of mindburst (6)
 S - a wand of quicksilver (11)
Scrolls
 a - 3 scrolls of enchant weapon
 d - 8 scrolls of teleportation
 f - 2 scrolls of summoning
 h - 3 scrolls of blinking
 i - 7 scrolls of identify
 o - 4 scrolls of noise
 r - 4 scrolls of immolation
 s - 5 scrolls of enchant armour
 u - 3 scrolls of revelation
 y - a scroll of poison
 C - 2 scrolls of amnesia
 I - 3 scrolls of brand weapon
 N - a scroll of torment
 P - 2 scrolls of vulnerability {unknown}
Potions
 b - 4 potions of attraction
 e - a potion of cancellation {unknown}
 g - 2 potions of mutation
 k - 12 potions of curing
 l - a potion of might
 m - a potion of lignification
 x - a potion of enlightenment
 D - 3 potions of heal wounds
 L - 2 potions of ambrosia
 M - a potion of magic
 R - a potion of berserk rage {unknown}


   Skills:
 + Level 7.0 Fighting
 - Level 2.0 Short Blades
 - Level 6.0 Polearms
 + Level 4.7 Dodging
 + Level 13.1 Spellcasting
 - Level 8.0 Hexes
 + Level 17.7 Summonings
 + Level 0.0 Air Magic
 - Level 8.0 Evocations


You had 19 spell levels left.
You knew the following spells:

 Your Spells              Type           Power      Damage    Failure   Level
a - Summon Small Mammal   Summ           100%       N/A       0%          1
b - Call Imp              Summ           100%       N/A       0%          2
c - Summon Mana Viper     Hex/Summ       57%        N/A       1%          5
d - Monstrous Menagerie   Summ           34%        N/A       3%          7
e - Silence               Hex/Air        13%        N/A       28%         5

Your spell library contained the following spells:

 Spells                   Type           Power      Damage    Failure   Level
 Summon Ice Beast         Ice/Summ       46%        N/A       1%          3
 Dazzling Flash           Conj/Hex       54%        N/A       3%          3
 Gell's Gravitas          Tloc           12%        N/A       16%         3
 Mephitic Cloud           Conj/Alch/Air  12%        N/A       16%         3
 Yara's Violent Unravell  Hex/Alch       13%        3d7       28%         5
 Manifold Assault         Tloc           12%        N/A       47%         4
 Passage of Golubria      Tloc           12%        N/A       47%         4
 Curse of Agony           Necr           12%        N/A       83%         5


Dungeon Overview and Level Annotations

Branches:
Dungeon (11/15)            Temple (1/1) D:7            Lair (5/5) D:11
  Swamp (0/4) Lair:3        Snake (0/4) Lair:2        Slime (0/5) Lair:5
 Bailey (visited)
    Orc: D:9-12

Altars:
Ashenzari
Cheibriados
Dithmenos
Elyvilon
Fedhas
Gozag
Hepliaklqana
Kikubaaqudgha
Makhleb
Nemelex Xobeh
Okawaru
Qazlal
Ru
Sif Muna
Trog
Uskayaw
Vehumet
Wu Jian
Xom
Yredelemnul
Zin
The Shining One
Jiyva

Shops:
D:6 (   D:11 **

Annotations:
D:6 1 runed translucent door, Crazy Yiuf
D:8 3 runed translucent doors, Natenado's ghost, novice DjFE
Lair:2 3 runed translucent doors


Innate Abilities, Weirdness & Mutations

You can breathe bolts of dispelling energy.
Your rich purple scales are hard. (AC +8)
You cannot fit into any form of body armour.
You are cold-blooded and may be slowed by cold attacks.


Message History

The boulder beetle is heavily wounded.
The boulder beetle bites you. The boulder beetle barely misses you.
You hit the boulder beetle but do no damage.
You tail-slap the boulder beetle, but do no damage.
The boulder beetle is heavily wounded.
The boulder beetle leaps!
The boulder beetle bites you but does no damage.
The boulder beetle attacks as it pursues you!
The boulder beetle bites you but does no damage.
Your manticore flicks its tail.
The volley of spikes skewers the boulder beetle.
You hit the boulder beetle but do no damage.
The boulder beetle is moderately wounded.
The boulder beetle bites your manticore.
Your manticore bites the boulder beetle but does no damage.
Your manticore claws the boulder beetle but does no damage. x2
You hit the boulder beetle. You burn the boulder beetle.
You tail-slap the boulder beetle, but do no damage.
The boulder beetle is moderately wounded.
The boulder beetle leaps!
The boulder beetle bites you!
You swap places.
The boulder beetle curls into a ball and begins rolling!
The boulder beetle leaps!
You see here a +1 whip of distortion.
The boulder beetle waves its antennae.
The boulder beetle curls into a ball and begins rolling!
You see here a +0 hat.
You hit the boulder beetle but do no damage.
The boulder beetle is heavily wounded.
The boulder beetle hits you!!!
* * * LOW HITPOINT WARNING * * *
The boulder beetle stops rolling and uncurls.
Blink to where?
Press: ? - help, Dir - move target, p - boulder beetle
As you read the scroll of blinking, it crumbles to dust.
The boulder beetle curls into a ball and begins rolling!
There is a stone staircase leading up here.
The boulder beetle hits you!!!
You die...
Your body crumbles into a pile of gold.

######## ##.........#........#
##.......#........## ###
#.......#P.......# ##.##
#.......#........# #.#.#
##.......##.......# ##.#.#
#P........#.......##
'°B..########.......#.........#
'.##B)HB##8##.......##........#
'.####.#.'○#°°○B@............##
### #.#.#8°#..!.............#
#.#.###.................# ##.##
#........##.......# ###
#........P#.......#
##........#.......# #########
#........#.......# .#P##.#P#
###.......#........## ..##...#
##...................##


You could see a boulder beetle (rolling).

Vanquished Creatures
  Pikel (D:6)
  2 elephants
  Maggie (D:6)
  6 cane toads
  A rime drake (Lair:5)
  A komodo dragon (Lair:5)
  A troll (D:10)
  A polar bear (Lair:5)
  5 blink frogs
  3 wyverns
  10 yaks
  2 water moccasins
  A sky beast (D:8)
  An orc warrior (D:8)
  2 centaurs
  An ogre (D:7)
  4 lemures (D:5)
  A phantom (D:6)
  A kobold brigand (D:10)
  4 bullfrogs
  3 wights
  4 killer bees
  A nameless horror (D:11)
  A hound (D:5)
  A gnoll bouda (D:4)
  A sleepcap (D:7)
  2 iguanas
  9 orc wizards
  Natasha (twice) (D:3)
  3 adders
  3 gnolls
  31 orcs
  10 ball pythons
  5 bats
  5 endoplasms
  4 giant cockroaches
  9 goblins
  8 hobgoblins
  7 jackals
  5 quokkas
  2 frilled lizards
  12 kobolds
  8 rats
185 creatures vanquished.

Vanquished Creatures (collateral kills)
  2 hydras (Lair:5)
  2 catoblepae (Lair:5)
  15 death yaks (Lair:5)
  2 boulder beetles
  A deep troll shaman (Lair:5)
  A skyshark (Lair:2)
  A lindwurm (Lair:5)
  3 wolf spiders (Lair:2)
  Maurice (D:7)
  A will-o-the-wisp (Lair:3)
  2 black mambas
  19 elephants
  9 cane toads
  2 rime drakes
  A kobold demonologist (D:11)
  6 komodo dragons
  A troll (D:11)
  A tarantella (Lair:2)
  A polar bear (Lair:5)
  6 dream sheep (Lair:5)
  10 blink frogs
  3 wraiths
  4 wyverns
  46 yaks
  Menkaure (D:4)
  4 nameless horrors
  An ice beast (D:5)
  10 water moccasins
  2 black bears
  11 orc warriors
  A sky beast (D:7)
  2 centaurs
  10 wolves
  2 kobold brigands
  17 bullfrogs
  2 wights (D:6)
  15 killer bees
  A jelly (D:6)
  3 orc priests
  3 hounds
  A gnoll bouda (D:9)
  A sleepcap (D:6)
  2 iguanas
  Natasha (D:3)
  17 orc wizards
  6 gnolls
  An adder (D:3)
  3 dart slugs
  2 ribbon worms
  21 orcs
  3 endoplasms
  5 goblins
  4 jackals (D:4)
  10 kobolds
  2 rats (D:2)
304 creatures vanquished.

Grand Total: 489 creatures vanquished

Notes
Turn   | Place    | Note
-------+----------+-------------------------------------------
     0 | D:1      | chippings the Draconian Wanderer began the quest for the
                  | Orb.
     0 | D:1      | chippings set off with the following items: a +1 short
                  | sword, a potion of attraction; and the following spell
                  | memorised: Summon Small Mammal; and the following spells
                  | available to memorise: Call Imp, Summon Ice Beast.
     0 | D:1      | Reached XP level 1. HP: 19/19 MP: 2/2
   257 | D:1      | Reached XP level 2. HP: 24/26 MP: 3/3
   766 | D:1      | Learned a level 2 spell: Call Imp
  1094 | D:2      | Reached XP level 3. HP: 28/33 MP: 5/5
  1239 | D:2      | You fall into a shaft and drop 1 floor!
  1415 | D:3      | Found an iron altar of Okawaru.
  1428 | D:3      | Reached XP level 4. HP: 37/40 MP: 6/6
  2192 | D:3      | Found a faded altar of an unknown god.
  2382 | D:3      | Noticed Natasha
  2388 | D:3      | Killed Natasha
  2504 | D:3      | Noticed Natasha
  2513 | D:3      | Killed Natasha
  2544 | D:3      | Reached XP level 5. HP: 46/46 MP: 8/8
  2818 | D:3      | Noticed Natasha
  2824 | D:3      | Killed Natasha
  2825 | D:3      | Reached skill level 5 in Summonings
  3434 | D:4      | Noticed Menkaure
  3446 | D:4      | Killed Menkaure
  3447 | D:4      | Reached XP level 6. HP: 52/52 MP: 11/11
  3502 | D:4      | Reached skill level 6 in Summonings
  3567 | D:4      | Learned a level 5 spell: Summon Mana Viper
  4001 | D:5      | Entered Level 5 of the Dungeon
  4222 | D:5      | Reached skill level 1 in Hexes
  4222 | D:5      | Your scales start taking on a rich purple colour.
  4222 | D:5      | Reached XP level 7. HP: 59/59 MP: 14/14
  4428 | D:5      | Reached skill level 5 in Spellcasting
  4495 | D:5      | Identified the +1 chain mail of Honesty {Int+2}
  4997 | D:6      | Found Dunet's Weapon Shoppe.
  5060 | D:6      | Reached skill level 7 in Summonings
  5231 | D:6      | Noticed Pikel
  5232 | D:6      | Found a stormy altar of Qazlal.
  5234 | D:6      | Paralysed by Pikel for 2 turns
  5428 | D:5      | Reached XP level 8. HP: 22/62 MP: 17/17
  5677 | D:6      | Paralysed by Pikel for 4 turns
  5687 | D:6      | Killed Pikel
  5788 | D:6      | Reached skill level 5 in Hexes
  5816 | D:6      | Reached skill level 8 in Summonings
  6127 | D:6      | Noticed Maggie
  6170 | D:6      | Killed Maggie
  6171 | D:6      | Reached XP level 9. HP: 45/71 MP: 20/20
  6210 | D:6      | Found a runed translucent door.
  6211 | D:6      | Noticed Crazy Yiuf
  6544 | D:7      | Noticed Maurice
  6587 | D:7      | Reached skill level 1 in Polearms
  6694 | D:7      | Found a flagged portal.
  6715 | Bailey   | Entered a bailey
  6970 | Bailey   | Reached skill level 9 in Summonings
  7063 | Bailey   | Identified the +0 tower shield of Aguxzuy {Int+3}
  7186 | D:7      | Found a staircase to the Ecumenical Temple.
  7195 | Temple   | Entered the Ecumenical Temple
  7271 | Temple   | Became a worshipper of Gozag Ym Sagoz the Greedy
  7434 | D:7      | Maurice stole a +4 ring of protection
  7436 | D:7      | Killed Maurice
  7688 | D:7      | Found a snail-covered altar of Cheibriados.
  8166 | D:8      | Reached XP level 10. HP: 78/78 MP: 22/22
  8661 | D:8      | Found a runed translucent gate.
  8661 | D:8      | Found a runed translucent gate.
  8661 | D:8      | Found a runed translucent gate.
  8662 | D:8      | Noticed a nine-headed hydra
  8662 | D:8      | Noticed Natenado's ghost (novice DjFE)
  8674 | D:8      | Identified the +1 robe "Idghiach" {*Slow Will- Dex+7}
  8809 | D:8      | Found a hazy altar of Hepliaklqana.
  9365 | D:9      | Reached skill level 5 in Polearms
  9416 | D:9      | Reached skill level 10 in Summonings
  9482 | D:9      | Found a shimmering blue altar of Sif Muna.
  9487 | D:9      | Found a glowing silver altar of Zin.
  9516 | D:9      | Noticed a boulder beetle
  9537 | D:9      | Killed a boulder beetle
  9704 | D:9      | Reached skill level 10 in Spellcasting
  9825 | D:9      | Reached skill level 11 in Summonings
  9899 | D:10     | Entered Level 10 of the Dungeon
  9949 | D:10     | Reached XP level 11. HP: 84/84 MP: 25/25
 10183 | D:10     | Noticed a boulder beetle
 10194 | D:10     | Killed a boulder beetle
 10633 | D:11     | Found a staircase to the Lair.
 10725 | D:11     | Reached skill level 12 in Summonings
 10782 | D:11     | Found Zarhyza's Overcharged Wands.
 10820 | D:11     | Learned a level 7 spell: Monstrous Menagerie
 10857 | D:11     | Found Danugic's Assorted Antiques.
 10867 | D:11     | Bought a potion of curing for 81 gold pieces
 10867 | D:11     | Bought a smoky orange potion for 24 gold pieces
 10867 | D:11     | Bought a potion of curing for 81 gold pieces
 11239 | D:11     | Reached skill level 1 in Evocations
 11422 | Lair:1   | Entered Level 1 of the Lair of Beasts
 11816 | Lair:1   | Reached skill level 13 in Summonings
 11856 | Lair:1   | Reached XP level 12. HP: 91/91 MP: 28/28
 12030 | Lair:2   | Found a runed translucent door.
 12272 | Lair:2   | Found a staircase to the Snake Pit.
 12838 | Lair:2   | Reached skill level 5 in Evocations
 12960 | Lair:2   | Found a runed translucent gate.
 12961 | Lair:2   | Noticed a boulder beetle
 12962 | Lair:2   | Found a runed translucent gate.
 12963 | Lair:2   | Found a runed translucent gate.
 12963 | Lair:2   | Found a runed translucent gate.
 12963 | Lair:2   | Found a runed translucent gate.
 12963 | Lair:2   | Noticed a boulder beetle
 12964 | Lair:2   | Found a runed translucent gate.
 12964 | Lair:2   | Noticed a boulder beetle
 13336 | Lair:3   | Reached skill level 14 in Summonings
 13397 | Lair:3   | Found a staircase to the Swamp.
 13847 | Lair:3   | Reached skill level 15 in Summonings
 14157 | Lair:3   | Reached XP level 13. HP: 84/96 MP: 19/29
 14261 | Lair:3   | Identified the +0 rapier of Gallantry {flame, rCorr Int+3}
 15018 | Lair:4   | Reached skill level 16 in Summonings
 15338 | Lair:4   | Got Ycro's Codex of Synthesis and Location
 16123 | Lair:5   | Entered Level 5 of the Lair of Beasts
 16294 | Lair:5   | Reached skill level 17 in Summonings
 16591 | Lair:5   | Found a staircase to the Slime Pits.
 16595 | Lair:5   | Found a viscous altar of Jiyva.
 16732 | Lair:5   | Reached skill level 5 in Fighting
 16936 | Lair:5   | Identified the ring of Vuofraqe {Fly Will+ SInv}
 17171 | Lair:5   | Reached XP level 14. HP: 85/108 MP: 20/30
 17503 | Lair:5   | Learned a level 5 spell: Silence
 17963 | Lair:2   | Slain by a boulder beetle

Illustrated notes

Levels and vault maps discovered:
D:1:      minmay_arrival_stair_chambers, layout_loops_cross
D:2:      layout_loops_corners, minmay_rat_gold_closets
D:3:      layout_basic, mainiacjoe_overflow_tiny_flanked,
          chequers_ecumenical_altar_simple_redux, uniq_natasha
D:4:      layout_loops_corners, minmay_goblin_kobold_house, uniq_menkaure
D:5:      layout_loops_ring, serial_rivers, chequers_serial_rivers_large_b,
          chequers_serial_rivers_room_a, chequers_serial_rivers_room_a,
          chequers_serial_rivers_micro_c, chequers_serial_rivers_small_b,
          chequers_serial_rivers_micro_a, chequers_serial_rivers_micro_c
D:6:      layout_basic, overflow_temple_1_default, serial_shops,
          nicolae_shop_bloodbath_and_beyond, uniq_maggie, uniq_pikel,
          uniq_crazy_yiuf_cottage
D:7:      layout_gridville, marbit_many_paths, temple_hall, enter_bailey_5,
          minmay_misc_feat_iff, uniq_maurice
D:8:      minmay_flawed_box, layout_basic, mainiacjoe_overflow_brackets,
          gammafunk_ghost_hydra_chop, hangedman_glass_teeth,
          minmay_misc_feat_tower, grunt_ministairs_8
D:9:      layout_rooms, mainiacjoe_overflow_catch_the_wave
D:10:     layout_roguey, grunt_decor_arrowhead
D:11:     layout_basic, lair_entry_dummy, serial_shops, shop,
          nicolae_shop_overcharged_wands
Temple:   kb_temple_of_zot
Lair:1:   layout_big_grid, serial_bayou_crossing, grunt_megastairs_3
Lair:2:   gammafunk_indiana_jones, layout_long_grid, dummy_snake_entry
Lair:3:   layout_cave_pods, minmay_swamp_entry_wisps, beast_lair_carwin_7,
          grunt_megastairs_4, lemuel_fruit_tree
Lair:4:   layout_layer_cave
Lair:5:   grunt_lair_end_beastmaster, layout_hall_layers, slime_entry_1

Skill      XL: |  1  2  3  4  5  6  7  8  9 10 11 12 13 14 |
---------------+-------------------------------------------+-----
Short Blades   | 2 |  2.0
Fighting       | 4 5 7 |  7.0
Spellcasting   | 2 3 4 6 7 8 10 12 13 | 13.1
Summonings     | 5 6 7 8 9 11 13 15 17 | 17.7
Hexes          | 1 3 5 7 8 |  8.0
Polearms       | 4 6 |  6.0
Evocations     | 3 7 8 |  8.0
Dodging        | 3 4 |  4.7

Action                     |  1- 3 |  4- 6 |  7- 9 | 10-12 | 13-15 || total
---------------------------+-------+-------+-------+-------+-------++-------
  Melee: Short sword       |   131 |   194 |   181 |       |       ||   506
         Tailslap          |    17 |    20 |    36 |    51 |    26 ||   150
         Punch             |     1 |     1 |     6 |     4 |     4 ||    16
         Trident           |       |       |   129 |   406 |   164 ||   699
   Cast: Summon Small Mamm |    15 |    16 |    44 |       |     1 ||    76
         Call Imp          |    10 |    25 |    46 |    29 |       ||   110
         Summon Mana Viper |       |       |    11 |    76 |    20 ||   107
         Monstrous Menager |       |       |       |    21 |    52 ||    73
    Use: Scroll            |       |    13 |     4 |     6 |     1 ||    24
         Potion            |       |     1 |     3 |       |       ||     4
   Stab: Distracted        |     1 |       |     4 |     8 |     4 ||    17
         Sleeping          |       |     1 |     1 |       |       ||     2
 Armour: Skin              |    92 |   141 |   268 |   307 |   138 ||   946
  Dodge: Dodged            |    87 |   128 |   174 |   205 |    72 ||   666
